General information
- name: BNet
- type: Ladder 1vs1/FFA
- host: Battle.net
- saver: Damn_SpiderRush
map: TirisfalGlades
- players: 2
- length: 35:32
- speed: Fast
- version: 1.21 W3XP
- replay type: Public
» download(117 KB)
Players
team 1 (winner)
Damn_SpiderRush (
pink | 92 APM | 3257 actions | 35:32)
5 Blood Mage
3 Flame Strike
2 Siphon Mana
4 Mountain King
2 Storm Bolt
2 Bash
4 Paladin
2 Holy Light
2 Divine Shield
» actions
| Assign group hotkey | 18 | |
| Basic commands | 202 | |
| Build / train | 134 | |
| ESC pressed | 11 | |
| Enter build submenu | 26 | |
| Enter hero's abilities submenu | 13 | |
| Give item / drop item | 6 | |
| Remove unit from queue | 1 | |
| Right click | 1641 | |
| Select / deselect | 687 | |
| Select group hotkey | 323 | |
| Use ability | 191 | |
3257 total
» units
» upgrades
| Masonry | 3 | |
| Lumber Harvesting | 1 | |
| Storm Hammers | 1 | |
5 total
» buildings
| Altar of Kings | 1 | |
| Farm | 8 | |
| Scout Tower | 16 | |
| Lumber Mill | 1 | |
| Arcane Vault | 1 | |
| Guard Tower | 18 | |
| Keep | 1 | |
| Arcane Tower | 1 | |
| Castle | 1 | |
| Town Hall | 2 | |
| Gryphon Aviary | 4 | |
54 total
» build order
00:03 Altar of Kings
00:08 Farm
00:45 Scout Tower
00:52 Lumber Mill
01:20 Arcane Vault
01:32 Farm
01:56 Guard Tower
03:41 Keep
03:48 Farm
04:01 Scout Tower
04:02 Scout Tower
04:04 Scout Tower
04:05 Scout Tower
04:07 Scout Tower
04:30 Farm
04:35 Guard Tower
04:36 Guard Tower
05:11 Guard Tower
05:30 Guard Tower
05:38 Guard Tower
06:01 Scout Tower
06:03 Scout Tower
06:03 Scout Tower
06:04 Scout Tower
06:33 Guard Tower
07:20 Guard Tower
07:25 Arcane Tower
08:10 Guard Tower
10:52 Farm
10:53 Farm
10:55 Farm
12:26 Scout Tower
12:28 Scout Tower
12:29 Scout Tower
12:30 Scout Tower
12:47 Guard Tower
12:48 Guard Tower
12:50 Guard Tower
13:02 Guard Tower
13:14 Guard Tower
13:16 Castle
13:28 Guard Tower
14:47 Town Hall
16:02 Scout Tower
16:04 Scout Tower
16:39 Guard Tower
17:10 Guard Tower
20:40 Gryphon Aviary
20:42 Gryphon Aviary
20:43 Gryphon Aviary
21:33 Gryphon Aviary
22:12 Guard Tower
25:34 Farm
31:23 Town Hall
» items
| Scroll of Regeneration | 8 | |
| Lesser Clarity Potion | 7 | |
| Mechanical Critter | 3 | |
| Boots of Speed | 1 | |
| Potion of Healing | 5 | |
| Potion of Mana | 3 | |
| Ivory Tower | 11 | |
| Staff of Sanctuary | 1 | |
39 total
team 2 (loser)
flyaway (
blue | 59 APM | 2098 actions | 35:30)
4 Archmage
2 Blizzard
2 Brilliance Aura
3 Paladin
2 Holy Light
1 Divine Shield
» actions
| Assign group hotkey | 18 | |
| Basic commands | 100 | |
| Build / train | 84 | |
| Enter build submenu | 25 | |
| Enter hero's abilities submenu | 8 | |
| Remove unit from queue | 5 | |
| Right click | 921 | |
| Select / deselect | 791 | |
| Select group hotkey | 27 | |
| Use ability | 119 | |
2098 total
» units
| Peasant | 21 | |
| Rifleman | 11 | |
| Sorceress | 4 | |
| Mortar Team | 5 | |
| Siege Engine | 2 | |
| Spell Breaker | 2 | |
| Flying Machine | 3 | |
48 total
» upgrades
| Long Rifles | 1 | |
| Sorceress Training | 2 | |
| Fragmentation Shards | 1 | |
| Flare | 1 | |
| Masonry | 1 | |
| Barrage | 1 | |
7 total
» buildings
| Altar of Kings | 1 | |
| Farm | 12 | |
| Barracks | 1 | |
| Blacksmith | 1 | |
| Lumber Mill | 1 | |
| Keep | 1 | |
| Arcane Vault | 1 | |
| Arcane Sanctum | 4 | |
| Castle | 1 | |
| Workshop | 2 | |
| Scout Tower | 7 | |
| Town Hall | 2 | |
| Guard Tower | 1 | |
35 total
» build order
00:11 Altar of Kings
00:18 Farm
00:58 Farm
01:18 Barracks
01:27 Blacksmith
02:06 Lumber Mill
03:50 Keep
04:10 Farm
04:14 Farm
04:15 Farm
04:17 Farm
05:05 Arcane Vault
05:44 Farm
06:44 Arcane Sanctum
07:07 Arcane Sanctum
11:14 Castle
12:58 Workshop
13:03 Farm
13:03 Farm
13:04 Farm
13:05 Farm
13:06 Farm
13:42 Workshop
21:59 Scout Tower
22:13 Town Hall
22:37 Arcane Sanctum
22:40 Arcane Sanctum
27:40 Scout Tower
27:42 Scout Tower
27:43 Scout Tower
27:48 Scout Tower
27:49 Scout Tower
27:50 Scout Tower
28:21 Town Hall
28:24 Guard Tower
» items
| Scroll of Regeneration | 6 | |
| Scroll of Town Portal | 1 | |
| Ivory Tower | 3 | |
10 total
Chat log
(28:41 / All) Damn_SpiderRush: nice try
(35:03 / All) Damn_SpiderRush: gg
(35:19 / All) flyaway: you can go play td
(35:24 / All) Damn_SpiderRush: right.
(35:28 / All) flyaway: you td good